 Dungeon Crawl Stone Soup version 0.27-a0-1242-ge70438ac7b (webtiles) character file.

Game seed: 10830477822818837983

949 EnegeticOcto the Insei (level 7, -1/55 HPs)
             Began as a Demigod Transmuter on June 9, 2021.
             Engulfed by a cloud of steam (8 damage)
             ... on level 6 of the Dungeon.
             The game lasted 00:14:51 (8354 turns).

EnegeticOcto the Insei (Demigod Transmuter)         Turns: 8354, Time: 00:14:51

Health: -1/55      AC:  2    Str: 11    XL:     7   Next: 58%
Magic:  11/13      EV: 19    Int: 23    God:
Gold:   228        SH:  0    Dex: 19    Spells: 1/10 levels left

rFire    . . .     SeeInvis +     - Unarmed
rCold    . . .     Faith    .   (shield currently unavailable)
rNeg     + . .     Spirit   .   (armour currently unavailable)
rPois    x         Reflect  .   (helmet currently unavailable)
rElec    .         Harm     .   (cloak currently unavailable)
rCorr    .         Rampage  .   (gloves currently unavailable)
Will     .....                  (boots currently unavailable)
Stlth    +++.......             (no amulet)
HPRegen  0.18/turn              m - ring of positive energy
MPRegen  0.13/turn              s - ring of see invisible

@: spider-form
A: venomous fangs, tiny, high mp 1, forlorn
a: End Transformation


You were on level 6 of the Dungeon.
You were a venomous arachnid creature.
You visited 1 branch of the dungeon, and saw 6 of its levels.
You also visited: Ossuary.

You collected 228 gold pieces.

Inventory:

Missiles
 q - 5 poisoned darts (quivered)
Armour
 a - a +1 robe (melded)
 f - a +0 cloak (melded)
   (You found it on level 6 of the Dungeon)
 t - a +2 pair of boots (melded)
   (You found it on level 5 of the Dungeon)
 w - a +2 pair of gloves (melded)
   (You found it on level 5 of the Dungeon)
 y - the +1 buckler of Odgh (melded) {Will+ Regen+}
   (You found it on level 5 of the Dungeon)

   It increases your rate of health regeneration.
   It increases your willpower.
Magical Staves
 o - a staff of cold
   (You found it on level 4 of the Dungeon)
Jewellery
 m - a ring of positive energy (left front leg)
   (You found it on level 4 of the Dungeon)
 s - a ring of see invisible (right front leg)
   (You found it on level 5 of the Dungeon)
Scrolls
 g - a scroll of noise
 l - a scroll of blinking {@r4}
 u - a scroll of holy word {unknown}
 z - a scroll of enchant weapon
 B - a scroll of amnesia
 C - a scroll of fog {unknown}
Potions
 b - 2 potions of brilliance
 c - a potion of flight
 d - a potion of heal wounds {@q2 !q}
 e - 3 potions of attraction
 h - a potion of cancellation
 j - 2 potions of haste {@q4 !q}
 p - 3 potions of magic {unknown}
 r - 2 potions of mutation {unknown}
 x - 2 potions of invisibility {unknown}
 A - a potion of resistance {unknown}


   Skills:
 - Level 2.0 Fighting
 - Level 1.7 Dodging
 - Level 3.0 Stealth
 + Level 5.1 Unarmed Combat
 - Level 2.0 Spellcasting
 - Level 5.0 Transmutations
 + Level 1.1 Ice Magic
 - Level 3.0 Poison Magic


You had one spell level left.
You knew the following spells:

 Your Spells              Type           Power      Damage    Failure   Level
a - Ice Form              Ice/Tmut       16%        N/A       56%         4
b - Wereblood             Tmut           25%        N/A       10%         2
c - Spider Form           Tmut/Pois      10%        N/A       21%         3

Your spell library contained the following spells:

 Spells                   Type           Power      Damage    Failure   Level
 Beastly Appendage        Tmut           50%        N/A       7%          1


Dungeon Overview and Level Annotations

Branches:
Dungeon (6/15)             Temple (0/1) D:5         Ossuary (visited)

Shops:
D:3 (

Annotations:
D:4 exclusion: necrophage
D:5 1 runed translucent door, exclusion: steam dragon, glosham's ghost, weakling DjDe


Innate Abilities, Weirdness & Mutations

You are a venomous arachnid creature.
You have poisonous fangs.
You are tiny and dextrous.
Your spellcasting is less reliable in this form.
Your armour is entirely melded.
You are incapable of wielding weapons or throwing items.
Your attributes grow dramatically as you level up.
You have an increased reservoir of magic. (+10% MP)
You shall have no god before yourself.


Message History

You extend your transformation's duration.
The water moccasin bites you! The scorpion misses you.
The water moccasin bites you.
You are poisoned.
The water moccasin poisons you! The scorpion completely misses you.
You feel very sick.
Things that are here:
a +0 whip; a +0 leather armour; a gnoll corpse You feel very sick.
* * * LOW HITPOINT WARNING * * *
You feel very sick. The water moccasin bites you.
* * * LOW HITPOINT WARNING * * *
Really quaff
n - 2 potions of curing {@q1 !q}?
You feel better. The scorpion barely misses you. The water moccasin bites you.
You are lethally poisoned!
The water moccasin poisons you! The ice beast barely misses you.
You hiss as the wereblood boils in your veins!
* * * LOW HITPOINT WARNING * * *
You feel extremely sick. The scorpion completely misses you.
The water moccasin bites you!
* * * LOW HITPOINT WARNING * * *
Really quaff
n - a potion of curing {@q1 !q}?
You feel better.
Your primal bloodlust is almost over.
The water moccasin completely misses you.
The scorpion completely misses you.
Blink to where?
Press: ? - help, Dir - move target
As you read the scroll of blinking {@r4}, it crumbles to dust.
You aren't carrying any items that you can evoke.
Unknown command.
Okay, then.
Really read
i - a scroll of teleportation {@r3 !r}?
As you read the scroll of teleportation {@r3 !r}, it crumbles to dust.
You feel strangely unstable.
You hiss as the wereblood boils in your veins!
Your transformation is almost over.
Your surroundings suddenly seem different.
You start resting.
Your primal bloodlust has ended.
Unknown command.
You start resting.
Your transformation has ended.
Your +0 cloak unmelds from your body.
Your +2 pair of gloves unmelds from your body.
Your +2 pair of boots unmelds from your body.
The +1 buckler of Odgh {Will+ Regen+} unmelds from your body.
Your +1 robe unmelds from your body.
You start resting.
Magic restored.
HP restored.
There is a stone staircase leading up here.
A steam dragon comes into view.
You aren't carrying any items that you can evoke.
Unknown command.
Okay, then.
Casting: Spider Form (dangerous; 12% risk of failure)
Confirm with . or Enter, or press ? or * to list all spells.
You turn into a venomous arachnid creature.
Your +0 cloak melds into your body.
Your +2 pair of gloves melds into your body.
Your +2 pair of boots melds into your body.
The +1 buckler of Odgh {Will+ Regen+} melds into your body.
Your +1 robe melds into your body.
The steam dragon hisses angrily.
The steam dragon misses you. The steam dragon claws you.
You hit the steam dragon.
The steam dragon is poisoned.
The steam dragon is lightly wounded.
The steam dragon bites you! The steam dragon barely misses you.
You barely miss the steam dragon.
The steam dragon is lightly wounded.
The steam dragon breathes steam at you. The ball of steam misses you.
You hit the steam dragon but do no damage.
The steam dragon is lightly wounded.
You are engulfed in a cloud of scalding steam.
The steam dragon bites you. The steam dragon closely misses you.
You hit the steam dragon.
The steam dragon looks as sick as possible!
The steam dragon is moderately wounded.
You are engulfed in a cloud of scalding steam.
The steam dragon misses you. The steam dragon claws you.
You bite the steam dragon!
The steam dragon looks as sick as possible!
The steam dragon is severely wounded.
You are engulfed in a cloud of scalding steam.
The steam dragon bites you. The steam dragon barely misses you.
You hit the steam dragon.
The steam dragon is almost dead.
You are engulfed in a cloud of scalding steam.
* * * LOW HITPOINT WARNING * * *
The steam dragon bites you.
* * * LOW HITPOINT WARNING * * *
The steam dragon closely misses you.
You bite the steam dragon!
You kill the steam dragon!
The steam dragon scales are intact enough to wear.
You are engulfed in a cloud of scalding steam.
You die...

... .........#...#. ...
##+#..#'##...#. ##.
#..#..#.(.#. ####..#..[#. ##
####P.#.)#####.
P...####.....##)#.....
......................
##########.########..###.
#..§§...s[..........## ##
#.#############.#####
#.#...........#
#.#####.#.#########.# ###
#.#......<........#.# ###8≈#
#.##.##.#########.#.# #...≈#
# #.##.##.............#
#†≈≈≈#
#.##.############.######.≈###
#.##.# #........#'##


There were no monsters in sight!

Vanquished Creatures
  A wraith (Ossuary)
  A steam dragon (D:6)
  2 ogres (D:5)
  A sky beast (D:6)
  A howler monkey (D:6)
  A hound (D:5)
  A centaur skeleton (D:5)
  A jelly (D:5)
  2 bullfrog skeletons (D:5)
  A gnoll shaman (D:6)
  An iguana (D:6)
  A scorpion zombie (D:5)
  A killer bee zombie (D:6)
  A hound skeleton (D:5)
  3 mummies (Ossuary)
  4 gnolls
  5 adders
  A shadow imp (D:5)
  A white imp (D:6)
  2 worms
  A dart slug (D:3)
  10 orcs
  11 endoplasms
  2 giant cockroaches
  6 goblins
  7 hobgoblins
  7 jackals
  7 kobolds
  3 quokkas
  3 ball pythons
  A bat (D:1)
  4 frilled lizards
  6 goblin zombies (Ossuary)
  5 hobgoblin zombies (Ossuary)
  2 kobold zombies (Ossuary)
  An orc zombie (Ossuary)
  2 rats (D:1)
110 creatures vanquished.

Vanquished Creatures (others)
  3 plants
3 creatures vanquished.

Grand Total: 113 creatures vanquished

Notes
Turn   | Place    | Note
-------+----------+-------------------------------------------
     0 | D:1      | EnegeticOcto the Demigod Transmuter began the quest for the
                  | Orb.
     0 | D:1      | Reached XP level 1. HP: 15/15 MP: 5/5
    63 | D:1      | Reached skill level 2 in Transmutations
   256 | D:1      | Reached skill level 1 in Stealth
   354 | D:1      | Reached XP level 2. HP: 22/22 MP: 4/7
  1156 | D:2      | Learned a level 2 spell: Wereblood
  1764 | D:2      | Reached XP level 3. HP: 12/27 MP: 5/8
  2219 | D:3      | Reached skill level 2 in Stealth
  2312 | D:3      | Found Rawoj's Antique Weapon Emporium.
  2540 | D:3      | Reached skill level 2 in Spellcasting
  3227 | D:4      | Noticed a necrophage
  3252 | D:4      | Reached skill level 3 in Transmutations
  3483 | D:4      | Reached XP level 4. HP: 26/34 MP: 9/9
  3487 | D:4      | Learned a level 3 spell: Spider Form
  3577 | D:4      | Reached skill level 1 in Fighting
  4684 | D:5      | Entered Level 5 of the Dungeon
  4698 | D:5      | Reached skill level 3 in Stealth
  4698 | D:5      | Reached skill level 1 in Poison Magic
  4935 | D:5      | Reached XP level 5. HP: 30/41 MP: 7/10
  4935 | D:5      | Noticed an ogre
  5503 | D:5      | Reached skill level 2 in Fighting
  5509 | D:5      | Reached skill level 2 in Poison Magic
  5907 | D:5      | Killed an ogre
  5908 | D:5      | Reached skill level 3 in Poison Magic
  5908 | D:5      | Reached skill level 3 in Unarmed Combat
  5908 | D:5      | Reached XP level 6. HP: 36/48 MP: 8/11
  6402 | D:5      | Found a staircase to the Ecumenical Temple.
  6434 | D:5      | Reached skill level 4 in Transmutations
  6534 | D:5      | Found a runed translucent door.
  6535 | D:5      | Noticed glosham's ghost (weakling DjDe)
  6544 | D:5      | Identified the +1 buckler of Odgh {Will+ Regen+}
  6550 | D:5      | Noticed a steam dragon
  7020 | D:6      | Reached skill level 4 in Unarmed Combat
  7246 | D:6      | Reached XP level 7. HP: 55/55 MP: 9/13
  7586 | D:6      | Found a sand-covered staircase.
  7591 | Ossuary  | Entered an ossuary
  7591 | Ossuary  | Noticed a wraith
  7591 | Ossuary  | Noticed a wraith
  7591 | Ossuary  | Noticed a wraith
  8037 | Ossuary  | Noticed a wraith
  8117 | Ossuary  | Killed a wraith
  8118 | Ossuary  | Reached skill level 5 in Transmutations
  8237 | D:6      | Learned a level 4 spell: Ice Form
  8257 | D:6      | Reached skill level 5 in Unarmed Combat
  8270 | D:6      | Reached skill level 1 in Ice Magic
  8344 | D:6      | Noticed a steam dragon
  8354 | D:6      | Killed a steam dragon
  8354 | D:6      | Engulfed by a cloud of steam

Illustrated notes

Levels and vault maps discovered:
D:1:      heliophobic_arrival_battle_scene, layout_rooms,
          ebering_ecumenical_altar_rust
D:2:      layout_loops_ring
D:3:      layout_loops_ring, nicolae_ru_path_of_blood, serial_shops,
          nicolae_shop_overgrown_old_shop
D:4:      layout_loops_corners, nicolae_overflow_hidden_temple,
          nicolae_wu_jian_immortal_techniques
D:5:      layout_basic, minmay_temple_entry_junction_2, ebering_ghost_sewer_d
D:6:      corexii_shantytown, layout_basic, enter_ossuary_5, st_stairs_9,
          kennysheep_nondescript

Skill      XL: |  1  2  3  4  5  6  7 |
---------------+----------------------+-----
Transmutations | 2 3 4 5 |  5.0
Stealth        | 1 2 3 |  3.0
Spellcasting   | 2 |  2.0
Fighting       | 1 2 |  2.0
Poison Magic   | 1 3 |  3.0
Unarmed Combat | 3 4 5 |  5.1
Ice Magic      | 1 |  1.1
Dodging        | |  1.7

Action                   |  1- 3 |  4- 6 |  7- 9 || total
-------------------------+-------+-------+-------++-------
Melee: Unarmed           |   114 |   147 |   154 ||   415
       Kick              |    28 |    19 |     5 ||    52
       Headbutt          |    17 |     8 |     5 ||    30
       Punch             |     1 |     1 |       ||     2
Throw: Dart              |       |     5 |       ||     5
 Cast: Beastly Appendage |    35 |    14 |     2 ||    51
       Wereblood         |     4 |    11 |     5 ||    20
       Spider Form       |       |    13 |    15 ||    28
 Abil: End Transformatio |       |       |     1 ||     1
Evoke: Wand              |       |       |     5 ||     5
  Use: Scroll            |     4 |     9 |     6 ||    19
       Potion            |       |     1 |     5 ||     6
 Stab: Sleeping          |     2 |     3 |       ||     5
       Distracted        |     1 |       |     1 ||     2
Armor: Robe              |    11 |     2 |     6 ||    19
       Skin              |       |     9 |    12 ||    21
Dodge: Dodged            |    45 |   150 |   112 ||   307
Block: Buckler           |       |       |     7 ||     7

Table legend: (Time is in decaauts)
 A = Elapsed time spent in this place.
 B = Non-inter-level travel time spent in this place.
 C = Inter-level travel time spent in this place.
 D = Time resting spent in this place.
 E = Time spent auto-exploring this place.
 F = Levels seen in this place.
 G = Mean time per level.
                   A        B        C        D        E       F      G
               +--------+--------+--------+--------+--------+-----+--------+
         Total |   8415 |   8198 |    217 |   2197 |   4309 |   7 | 1202.1 |
       Dungeon |   7716 |   7499 |    217 |   2132 |   3996 |   6 | 1286.0 |
       Ossuary |    699 |    699 |      0 |     65 |    313 |   1 |  699.0 |
               +--------+--------+--------+--------+--------+-----+--------+

Top non-repeatable levels by time:
     D:4: 2708 daAuts
     D:2: 1228 daAuts
     D:5: 1065 daAuts
     D:3: 1003 daAuts
     D:1: 915 daAuts
     D:6: 796 daAuts
 Ossuary: 699 daAuts
